 Dungeon Crawl Stone Soup version 0.31.0-11-ge490571c62 (webtiles) character file.

Game seed: 12088465281066124415

133 qw the Shooter (level 4, -2/23 HPs)
             Began as a Spriggan Hunter on Feb 5, 2024.
             Incinerated by a bombardier beetle (4 damage)
             ... with a burning spray
             ... on level 3 of the Dungeon.
             The game lasted 00:00:57 (1522 turns).

qw the Shooter (Spriggan Hunter)                    Turns: 1522, Time: 00:00:57

Health: -2/23      AC:  4    Str:  7    XL:     4   Next: 93%
Magic:  5/5        EV: 20    Int: 10    God:
Gold:   129        SH:  0    Dex: 20    Spells: 3/3 levels left

rFire   . . .        a - +0 shortbow
rCold   . . .        (shield currently unavailable)
rNeg    . . .        c - +0 robe
rPois   .            f - +2 hat
rElec   .            (no cloak)
rCorr   .            (gloves unavailable)
SInv    +            (boots unavailable)
Will    .....        (no amulet)
Stlth   +            (no ring)
HPRegen 0.23/turn    (no ring)
MPRegen 0.09/turn

%: no passive effects
@: on fire, glowing, very quick
A: very small, no large weapons, unfitting armour, see invisible, speed 3,
antennae 1, sturdy frame 1
a: no special abilities


You were on level 3 of the Dungeon.
You visited 1 branch of the dungeon, and saw 4 of its levels.

You collected 129 gold pieces.


Innate Abilities, Weirdness & Mutations

You are very small and have problems with some larger weapons.
You are too small for most types of armour.
You have supernaturally acute eyesight. (SInv)
You cover ground extremely quickly. (Speed+++)
You have a pair of small antennae on your head.
Your movements are slightly less encumbered by armour. (ER -2)


   Skills:
 - Level 2.2 Fighting
 + Level 5.0 Ranged Weapons
 - Level 5.0 Dodging
 - Level 1.5 Stealth


You had 3 spell levels left.
You didn't know any spells.
Your spell library was empty.

Inventory:

Hand Weapons
 a - a +0 shortbow (weapon)
Armour
 c - a +0 robe (worn)
 f - a +2 hat (worn)
Scrolls
 b - a scroll of identify
 h - a scroll of teleportation
Potions
 d - 2 potions of mutation

Dungeon Overview and Level Annotations

Branches:
Dungeon (4/15)
 Temple: D:4-7

Altars:


Message History

There is an open door here.
A malevolent force fills the Dungeon...
You fall into a shaft and drop 1 floor!
The shaft crumbles and collapses.
Found a stone staircase leading down.
Waypoint 3 assigned to D:4.
You now have 129 gold pieces (gained 8).
You sense a monster nearby.
Found a stone staircase leading up.
What level of the Dungeon? (default 3, ? - help)
There is a stone staircase leading up here.
You climb upwards.
Found a fizzy inky potion.
There is a stone staircase leading down here.
There are monsters nearby!
You shoot an arrow. The arrow hits the frilled lizard!
You kill the frilled lizard!
You shoot an arrow. The arrow hits the bombardier beetle.
The bombardier beetle is moderately wounded.
You shoot an arrow. The arrow hits the bombardier beetle!
The bombardier beetle is almost dead.
The bombardier beetle sprays incendiary fluid at you.
The burning spray hits you.
You are covered in liquid fire!
You shoot an arrow. The arrow hits the bombardier beetle.
You kill the bombardier beetle!
The liquid fire burns you!
Your Fighting skill increases to level 2!
You are on fire!
The liquid fire burns you!
You are on fire!
The liquid fire burns you!
You are on fire!
The liquid fire burns you!
You are on fire!
The liquid fire burns you!
You are on fire!
The liquid fire burns you!
You are on fire!
The liquid fire burns you!
You die...

#
###########
####
..........#
...#
#.%.@..#
...#
#......#
...#
.........%#
#..#
..##....!.#
...# .
....#####
...####
.###.
....... .
#. ..#####
.. .#.....


There were no monsters in sight!

Vanquished Creatures
  A bombardier beetle (D:3)
  5 adders
  A ribbon worm (D:2)
  A dart slug (D:1)
  An orc (D:3)
  5 ball pythons
  4 endoplasms
  A giant cockroach (D:1)
  3 goblins
  2 hobgoblins
  13 jackals
  A quokka (D:1)
  3 bats (D:1)
  4 frilled lizards
  2 kobolds
  6 rats
53 creatures vanquished.

Notes
Turn   | Place    | Note
-------+----------+-------------------------------------------
     0 | D:1      | qw the Spriggan Hunter began the quest for the Orb.
     0 | D:1      | Reached XP level 1. HP: 10/10 MP: 2/2
     0 | D:1      | 0 ||| qw: Version: 0.3-a-160-g6735b56
     0 | D:1      | 0 ||| qw: Game counter: 6292
     0 | D:1      | 0 ||| qw: Melee chars always use a shield: true
     0 | D:1      | 0 ||| qw: God list: Okawaru
     0 | D:1      | 0 ||| qw: Allow faded altars: false
     0 | D:1      | 0 ||| qw: Do Orc after clearing Dungeon:15 true
     0 | D:1      | 0 ||| qw: Do second Lair branch before Depths: true
     0 | D:1      | 0 ||| qw: Lair rune preference: random
     0 | D:1      | 0 ||| qw: Goals: Normal
     0 | D:1      | 0 ||| PLANNING D:1-11
    30 | D:1      | Reached skill level 3 in Dodging
   211 | D:1      | Reached XP level 2. HP: 12/14 MP: 3/3
   242 | D:1      | Found a faded altar of an unknown god.
   357 | D:1      | Reached XP level 3. HP: 18/18 MP: 4/4
   483 | D:1      | 483 ||| READING scroll labelled LIACSU LIDORR.
   484 | D:1      | 484 ||| READING scroll labelled TETHUWANIMN.
   517 | D:1      | 517 ||| DRINKING 2 metallic silvery potions.
   517 | D:1      | Gained mutation: You have a pair of small antennae on your
                  | head. [potion of mutation]
   517 | D:1      | Gained mutation: Your movements are slightly less
                  | encumbered by armour. (ER -2) [potion of mutation]
   518 | D:1      | 518 ||| DROPPING scroll of butterflies.
   880 | D:2      | Reached XP level 4. HP: 16/22 MP: 5/5
  1215 | D:2      | 1215 ||| UPGRADING to +2 hat.
  1220 | D:2      | 1220 ||| READING scroll labelled LUNEIN AFRISED.
  1221 | D:2      | 1221 ||| READING scroll labelled NAECZOIGRE.
  1221 | D:2      | 1221 ||| IDENTIFYING 2 pink potions
  1222 | D:2      | 1222 ||| READING 2 scrolls labelled KURIUPL GEKEXT.
  1225 | D:2      | 1225 ||| READING scroll labelled GEAXO HIDWA.
  1226 | D:2      | 1226 ||| READING scroll labelled WIAJUI QEAT.
  1327 | D:2      | 1327 ||| DROPPING 2 potions of brilliance.
  1461 | D:3      | You fall into a shaft and drop 1 floor!
  1521 | D:3      | HP: 2/23 [burnt (6)]
  1522 | D:3      | Incinerated by a bombardier beetle

Levels and vault maps discovered:
D:1:      lemuel_arrival_broad_hall, layout_rooms,
          hellmonk_ecumenical_altar_leap_of_faith, minmay_misc_feat_alley
D:2:      layout_basic
D:3:      minmay_angry_zag, layout_basic, st_stairs_14, uniq_jessica
D:4:      layout_basic, marbit_many_paths

Skill      XL: |  1  2  3  4 |
---------------+-------------+-----
Dodging        | 3 4 5 |  5.0
Ranged Weapons | 5 |  5.0
Fighting       | 2 |  2.2
Stealth        | |  1.5

Action                     |  1- 3 |  4- 6 || total
---------------------------+-------+-------++-------
   Fire: Shortbow          |   127 |    30 ||   157
    Use: Scroll            |     2 |     5 ||     7
         Potion            |     1 |       ||     1
 Armour: Robe              |    21 |     2 ||    23
  Dodge: Dodged            |    85 |     5 ||    90

Table legend:
 A = Non-vault XP
 B = Vault XP
 C = Vault XP percentage of total XP
 D = Non-vault monster count
 E = Vault monster count
 F = Vault count percentage of total count
                 A         B        C        D         E       F
            +---------+---------+-------+---------+---------+-------
      Total |     177 |      13 |   6.8 |      52 |       1 |   1.9
            +---------+---------+-------+---------+---------+-------
        D:1 |      48 |       0 |   0.0 |      27 |       0 |   0.0
        D:2 |      73 |       0 |   0.0 |      16 |       0 |   0.0
        D:3 |      56 |      13 |  18.8 |       9 |       1 |  10.0
            +---------+---------+-------+---------+---------+-------
